 Dungeon Crawl Stone Soup version 0.31-a0-1469-gd420192249 (webtiles) character file.

Game seed: 1944237060727286580

83 whatisthis the Conjurer (level 4, 0/33 HPs)
             Began as a Draconian Conjurer on Dec 28, 2023.
             Slain by Terence
             ... wielding a +0 morningstar
              (10 damage)
             ... on level 3 of the Dungeon.
             The game lasted 00:05:56 (2365 turns).

whatisthis the Conjurer (Draconian Conjurer)        Turns: 2365, Time: 00:05:57

Health: 0/33       AC:  9    Str:  9    XL:     4   Next: 22%
Magic:  2/8        EV: 12    Int: 20    God:
Gold:   117        SH:  0    Dex: 10    Spells: 6/9 levels left

rFire   . . .        d - +0 trident
rCold   . . .        (no shield)
rNeg    . . .        (body armour unavailable)
rPois   .            (helmet restricted)
rElec   .            (no cloak)
rCorr   .            (no gloves)
SInv    .            (no boots)
Will    .....        (no amulet)
Stlth   ++           n - +4 ring of protection
HPRegen 0.25/turn    l - ring of wizardry
MPRegen 0.11/turn

%: wizardry (x1)
@: no status effects
A: AC +5, unfitting armour, cold-blooded
a: no special abilities


You were on level 3 of the Dungeon.
You visited 1 branch of the dungeon, and saw 4 of its levels.

You collected 117 gold pieces.

Inventory:

Hand Weapons
 d - a +0 trident (weapon)
Missiles
 b - 24 stones
 i - 3 javelins
Jewellery
 e - a +6 ring of dexterity
 l - a ring of wizardry (right hand)
 n - a +4 ring of protection (left hand)
Wands
 m - a wand of iceblast (11)
Scrolls
 f - 2 scrolls of teleportation {unknown}
 j - 2 scrolls of identify {unknown}
 k - a scroll of noise {unknown}
 o - a scroll of enchant weapon {unknown}
Potions
 a - a potion of magic
 c - a potion of ambrosia {unknown}
 g - 2 potions of curing {unknown}
 h - a potion of degeneration {unknown}


   Skills:
 - Level 1.7 Dodging
 - Level 1.7 Stealth
 + Level 3.2 Spellcasting
 + Level 4.9 Conjurations


You had 6 spell levels left.
You knew the following spells:

 Your Spells              Type           Power      Damage    Failure   Level
a - Magic Dart            Conj           92%        1d7       1%          1
b - Searing Ray           Conj           46%        2d6       1%          2

Your spell library contained the following spells:

 Spells                   Type           Power      Damage    Failure   Level
 Summon Small Mammal      Summ           12%        N/A       6%          1
 Call Canine Familiar     Summ           3%         N/A       16%         3
 Fulminant Prism          Conj/Alch      6%         3d7       21%         4
 Iskenderun's Mystic Bla  Conj/Tloc      13%        2d5       21%         4
 Summon Blazeheart Golem  Fire/Summ      3%         N/A       45%         4


Dungeon Overview and Level Annotations

Branches:
Dungeon (4/15)
 Temple: D:4-7

Altars:

Annotations:
D:3 Terence


Innate Abilities, Weirdness & Mutations

Your plain brown scales are hard. (AC +5)
You cannot fit into any form of body armour.
You are cold-blooded and may be slowed by cold attacks.


Message History

You see here a +0 trident.
d - a +0 trident
d - a +0 trident (weapon)
You now have 117 gold pieces (gained 6).
Terence the Incautious comes into view.
He is wielding a +0 morningstar.
Terence shouts!
Terence shouts, "DIE!!!"
Aiming: Magic Dart (safe; 1% risk of failure)
Press: ? - help, Q - select action, (/) - cycle Shift-Dir - straight line, f - Terence
Aim: Terence, wielding a +0 morningstar and wearing a +0 ring mail (100% to hit)
The magic dart hits Terence.
Terence is lightly wounded.
Terence hits you with a +0 morningstar. Terence hits you but does no damage.
Aiming: Magic Dart (safe; 1% risk of failure)
Press: ? - help, Q - select action, (/) - cycle Shift-Dir - straight line, f/p - Terence
Aim: Terence, wielding a +0 morningstar and wearing a +0 ring mail (lightly wounded, 100% to hit)
Okay, then.
Casting: Magic Dart (safe; 1% risk of failure)
Confirm with . or Enter, or press ? or * to list all spells.
Aiming: Searing Ray (safe; 1% risk of failure)
Press: ? - help, Shift-Dir - straight line, f/p - Terence
Aim: Terence, wielding a +0 morningstar and wearing a +0 ring mail (lightly wounded, 81% to hit)
The searing ray hits Terence!
Terence is heavily wounded. (Press . to maintain the ray.) Terence hits you with a +0 morningstar!
The searing ray hits Terence.
Terence is heavily wounded.
Terence hits you but does no damage.
The searing ray hits Terence but does no damage.
Terence is heavily wounded.
Terence hits you but does no damage.
The searing ray hits Terence.
Terence is severely wounded.
You finish channelling your searing ray.
Terence hits you with a +0 morningstar! Terence hits you with a +0 morningstar!
You die...
Terence says, "That felt goooood."

#........ #.
#........ #.
#.......# ###
#. #..†....#
...#.
#.......#
###.#.
#########
#.....
#.....########
#......@@....#
#....#######.#
#... #.# ###
#.# #.# #.#
#.############
#.............
##############


You could see Terence.

Vanquished Creatures
  An adder (D:3)
  5 dart slugs
  7 orcs (D:3)
  5 bats
  2 endoplasms (D:1)
  A giant cockroach (D:3)
  3 goblins
  8 hobgoblins
  2 kobolds (D:1)
  4 quokkas
  2 ball pythons
  4 frilled lizards (D:1)
  9 rats
53 creatures vanquished.

Notes
Turn   | Place    | Note
-------+----------+-------------------------------------------
     0 | D:1      | whatisthis the Draconian Conjurer began the quest for the
                  | Orb.
     0 | D:1      | Reached XP level 1. HP: 14/14 MP: 3/3
   301 | D:1      | Reached XP level 2. HP: 9/20 MP: 1/5
   679 | D:1      | Reached XP level 3. HP: 20/26 MP: 0/7
   835 | D:1      | Learned a level 2 spell: Searing Ray
  1026 | D:2      | You fall into a shaft and drop 2 floors!
  1028 | D:4      | Noticed an ogre
  1392 | D:2      | Found a faded altar of an unknown god.
  1982 | D:3      | Reached XP level 4. HP: 33/33 MP: 4/8
  2355 | D:3      | Noticed Terence
  2365 | D:3      | Slain by Terence

Illustrated notes

Levels and vault maps discovered:
D:1:      dpeg_arrival_pond, layout_rooms, st_stairs_10
D:2:      layout_basic, basic_ecumenical_altar, st_stairs_10,
          minmay_fountain_box
D:3:      layout_basic, minmay_crystal_room, feat_on_display, uniq_terence
D:4:      layout_rooms, serial_shops, shop, nicolae_shop_back_alley_shop,
          nicolae_take_the_stairs, shop, shop_fountains,
          sigmund_edmund_badplayer

Skill      XL: |  1  2  3 |
---------------+----------+-----
Spellcasting   | 3 |  3.2
Dodging        | |  1.7
Stealth        | |  1.7
Conjurations   | |  4.9

Action                     |  1- 3 |  4- 6 || total
---------------------------+-------+-------++-------
  Melee: Unarmed           |     9 |       ||     9
         Hand axe          |    60 |       ||    60
         Tailslap          |     6 |       ||     6
         Spear             |       |     2 ||     2
   Cast: Magic Dart        |    79 |     6 ||    85
         Searing Ray       |       |     2 ||     2
   Stab: Sleeping          |     1 |       ||     1
 Armour: Skin              |    49 |     7 ||    56
  Dodge: Dodged            |    63 |     3 ||    66

Table legend: (Time is in decaauts)
 A = Elapsed time spent in this place.
 B = Non-inter-level travel time spent in this place.
 C = Inter-level travel time spent in this place.
 D = Time resting spent in this place.
 E = Time spent auto-exploring this place.
 F = Levels seen in this place.
 G = Mean time per level.
                   A        B        C        D        E       F      G
               +--------+--------+--------+--------+--------+-----+--------+
         Total |   2378 |   2341 |     37 |    317 |   1533 |   4 |  594.5 |
       Dungeon |   2378 |   2341 |     37 |    317 |   1533 |   4 |  594.5 |
               +--------+--------+--------+--------+--------+-----+--------+

Top non-repeatable levels by time:
     D:1: 842 daAuts
     D:2: 788 daAuts
     D:3: 733 daAuts
     D:4: 12 daAuts
